 Dungeon Crawl Stone Soup version 0.29-a0-721-g7f417c9bbb (webtiles) character file.

Game seed: 3696437866792665418

205317 jfcaron the Nimble (level 19, -1/147 (153) HPs)
             Began as a Gnoll Monk on June 25, 2022.
             Was the Champion of Zin.
             Collided with a translucent rock wall (2 damage)
             ... caused by a rakshasa
             ... in a wizard's laboratory on June 27, 2022.
             The game lasted 03:08:21 (58524 turns).

jfcaron the Nimble (Gnoll Monk)                    Turns: 58524, Time: 03:08:22

HP:   -1/147 (153)  AC: 25    Str: 27    XL:     19   Next: 11%
MP:   35/36         EV: 19    Int: 14    God:    Zin [******]
Gold: 1564          SH:  0    Dex: 16    Spells: 34/44 levels left

rFire   + . .      SeeInvis .   a - +9 lajatang "Qusalix" {spect, *Slow rElec rPois rCorr}
rCold   + . .      Faith    .   (shield currently unavailable)
rNeg    . . .      Spirit   .   J - quicksilver dragon scales of Context {Will+ Str+6 Stlth+}
rPois   +          Reflect  .   s - +0 helmet
rElec   +          Harm     .   p - +1 cloak "Leunlumaf" {rPois}
rCorr   +          Rampage  .   y - +2 pair of gloves
Will    ++++.      NoCast   +   R - +2 pair of boots {Fly}
Stlth   +++++++...              U - amulet of Untruth {-Cast Will+ Regen+ rCorr Str+2}
HPRegen 1.14/turn               r - ring "Qumareonef" {Fire Will+ Int+4 Slay+3 Stlth+}
MPRegen 0.25/turn               E - ring of a Hundred Visions {Contam +Blink rPois rC++ Str+2}

@: on recite cooldown, flying, slowed, studying Staves, lightly drained, very
slow
A: fangs 1, strong nose, distributed training
a: Renounce Religion, Evoke Blink, Recite, Vitalisation, Imprison, Sanctuary,
Donate Gold


You were in a wizard's laboratory.
You worshipped Zin.
Zin was exalted by your worship.
You visited 7 branches of the dungeon, and saw 33 of its levels.
You also visited: Trove, Volcano and Wizlab.

You collected 4888 gold pieces.
You spent 2836 gold pieces at shops.
You donated 488 gold pieces to Zin.

Inventory:

Hand Weapons
 a - the +9 lajatang "Qusalix" (weapon) {spect, *Slow rElec rPois rCorr}
   (You acquired it on level 1 of the Snake Pit)

   When its wielder attacks, the weapon's spirit leaps out and strikes again.
   The spirit shares a part of any damage it takes with its wielder.
   rElec:     It insulates you from electricity.
   rPois:     It protects you from poison.
   rCorr:     It protects you from acid and corrosion.
   *Slow:     It may slow you when you take damage.
 b - a +2 lajatang of flaming
 w - a +2 lajatang of electrocution
Missiles
 k - 2 poisoned darts (quivered)
 K - 3 silver boomerangs {!f}
 L - 2 datura-tipped darts {!f}
 M - 3 silver javelins {!f}
 Q - a boomerang of dispersal {!f}
 S - 5 javelins
 T - 5 throwing nets {!f}
 Z - 9 curare-tipped darts {!f}
Armour
 p - the +1 cloak "Leunlumaf" (worn) {rPois}
   (You found it in a treasure trove)

   rPois:     It protects you from poison.
 s - a +0 helmet (worn)
 y - a +2 pair of gloves (worn)
 J - the quicksilver dragon scales of Context (worn) {Will+ Str+6 Stlth+}
   (You found it on level 7 of the Dungeon)

   Str:       It affects your strength (+6).
   Will:      It increases your willpower.
   Stlth:     It makes you more stealthy.
 R - a +2 pair of boots of flying (worn)
Jewellery
 l - a ring of positive energy
 r - the ring "Qumareonef" (left hand) {Fire Will+ Int+4 Slay+3 Stlth+}
   (You found it in a treasure trove)

   [ring of fire]

   It enhances your fire magic.
   Int:       It affects your intelligence (+4).
   Slay:      It affects your accuracy & damage with ranged weapons and melee
   (+3).
   rF:        It protects you from fire.
   rC:        It makes you vulnerable to cold.
   Will:      It increases your willpower.
   Stlth:     It makes you more stealthy.
 x - a ring of see invisible
 E - the ring of a Hundred Visions (right hand) {Contam +Blink rPois rC++ Str+2}
   (You found it in a treasure trove)

   [ring of poison resistance]

   Str:       It affects your strength (+2).
   rC:        It greatly protects you from cold.
   rPois:     It protects you from poison.
   +Blink:    It lets you blink.
   Contam:    It causes magical contamination when unequipped.
 U - the amulet of Untruth (around neck) {-Cast Will+ Regen+ rCorr Str+2}
   (You found it on level 5 of the Lair of Beasts)

   [amulet of regeneration]

   Str:       It affects your strength (+2).
   -Cast:     It prevents spellcasting.
   Regen:     It increases your rate of health regeneration.
   rCorr:     It protects you from acid and corrosion.
   Will:      It increases your willpower.
Wands
 g - a wand of acid (15)
 h - a wand of iceblast (2)
 i - a wand of digging (17) {!v}
 B - a wand of mindburst (8)
 I - a wand of flame (11)
Scrolls
 j - 9 scrolls of fog
 m - 2 scrolls of silence
 n - 2 scrolls of poison
 q - 2 scrolls of summoning
 t - 6 scrolls of blinking
 u - 3 scrolls of fear
 W - 5 scrolls of immolation
 Y - a scroll of vulnerability
Potions
 c - 3 potions of might
 e - 6 potions of haste
 o - 3 potions of cancellation
 v - 2 potions of resistance
 A - 5 potions of attraction
 C - 2 potions of brilliance
 O - 4 potions of magic
 P - 4 potions of curing
 V - 3 potions of invisibility
 X - a potion of ambrosia
Miscellaneous
 G - a phial of floods


   Skills:
 + Level 14.4 Fighting
 + Level 13.0 Short Blades
 + Level 13.0 Long Blades
 + Level 13.0 Axes
 + Level 13.0 Maces & Flails
 + Level 14.4 Polearms
 + Level 14.4 Staves
 + Level 13.0 Ranged Weapons
 + Level 13.0 Throwing
 + Level 13.0 Armour
 + Level 14.4 Dodging
 + Level 13.6 Stealth
 + Level 13.0 Shields
 + Level 13.0 Unarmed Combat
 + Level 13.0 Spellcasting
 + Level 11.0 Conjurations
 + Level 11.0 Hexes
 + Level 11.0 Summonings
 + Level 11.0 Necromancy
 + Level 11.0 Translocations
 + Level 11.0 Transmutations
 + Level 11.0 Fire Magic
 + Level 11.0 Ice Magic
 + Level 11.0 Air Magic
 + Level 11.0 Earth Magic
 + Level 11.0 Poison Magic
 + Level 14.1 Invocations
 + Level 13.0 Evocations


You had 34 spell levels left.
You knew the following spells:

 Your Spells              Type           Power      Damage    Failure   Level
a - Apportation           Tloc           78%        N/A       1%          1
b - Passwall              Tmut/Erth      32%        N/A       1%          2
c - Ignite Poison         Fire/Tmut/Pois 56%        N/A       1%          3
d - Summon Lightning Spi  Summ/Air       39%        N/A       1%          4

Your spell library contained the following spells:

 Spells                   Type           Power      Damage    Failure   Level
 Foxfire                  Conj/Fire      100%       2x1d9     1%          1
 Necrotize                Necr           100%       1d9       1%          1
 Sandblast                Erth           78%        2d17      1%          1
 Slow                     Hex            100%       N/A       1%          1
 Summon Small Mammal      Summ           100%       N/A       1%          1
 Ensorcelled Hibernation  Hex/Ice        78%        N/A       1%          2
 Static Discharge         Conj/Air       39%        N/A       1%          2
 Confusing Touch          Hex            39%        N/A       1%          3
 Conjure Flame            Conj/Fire      56%        6-21      1%          3
 Ozocubu's Armour         Ice            39%        N/A       1%          3
 Stone Arrow              Conj/Erth      78%        3d11      1%          3
 Swiftness                Air            39%        N/A       1%          3
 Tukima's Dance           Hex            39%        N/A       1%          3
 Vampiric Draining        Necr           39%        2d8       1%          3
 Airstrike                Air            19%        N/A       1%          4
 Animate Armour           Summ/Erth      78%        N/A       1%          4
 Animate Dead             Necr           39%        N/A       1%          4
 Corpse Rot               Necr/Pois/Air  39%        N/A       1%          4
 Dispel Undead            Necr           39%        3d16      1%          4
 Flame Wave               Conj/Fire      56%        2d11      1%          4
 Fulminant Prism          Conj/Hex       19%        3d11      1%          4
 Hailstorm                Conj/Ice       39%        3d9       1%          4
 Ice Form                 Ice/Tmut       39%        N/A       1%          4
 Iskenderun's Mystic Bla  Conj/Tloc      39%        2d9       1%          4
 Passage of Golubria      Tloc           39%        N/A       1%          4
 Petrify                  Tmut/Erth      39%        N/A       1%          4
 Sticky Flame             Conj/Fire      56%        2d7       1%          4
 Alistair's Intoxication  Tmut/Pois      26%        N/A       3%          5
 Borgnjor's Vile Clutch   Necr/Erth      19%        N/A       3%          5
 Lee's Rapid Deconstruct  Erth           19%        3d12*     3%          5
 Lightning Bolt           Conj/Air       19%        1d34      3%          5
 Manifold Assault         Tloc           39%        N/A       3%          5
 Metabolic Englaciation   Hex/Ice        19%        N/A       3%          5
 Summon Forest            Summ/Tloc      19%        N/A       3%          5
 Summon Mana Viper        Hex/Summ       39%        N/A       3%          5
 Yara's Violent Unravell  Hex/Tmut       19%        3d9       3%          5
 Death Channel            Necr           19%        N/A       17%         6
 Simulacrum               Ice/Necr       19%        N/A       17%         6
 Statue Form              Tmut/Erth      26%        N/A       17%         6
 Summon Cactus Giant      Summ           19%        N/A       17%         6
 Ozocubu's Refrigeration  Ice            19%        4d8       67%         7
 Borgnjor's Revivificati  Necr           19%        N/A       100%        8
 Maxwell's Capacitive Co  Air            19%        ∞         100%        8
 Necromutation            Tmut/Necr      19%        N/A       100%        8
 Death's Door             Necr           19%        N/A       100%        9


Dungeon Overview and Level Annotations

Branches:
Dungeon (15/15)            Temple (1/1) D:4            Lair (6/6) D:8
  Swamp (4/4) Lair:2        Snake (4/4) Lair:4        Slime (0/5) Lair:5
    Orc (2/2) D:10            Elf (1/3) Orc:2        Vaults (0/5) D:13
 Depths (0/4) D:15        Volcano (visited)          WizLab (1/1)

Altars:
Ashenzari
Cheibriados
Dithmenos
Elyvilon
Fedhas
Gozag
Hepliaklqana
Kikubaaqudgha
Makhleb
Nemelex Xobeh
Okawaru
Qazlal
Ru
Sif Muna
Trog
Uskayaw
Vehumet
Wu Jian
Xom
Yredelemnul
Zin
The Shining One
Beogh
Jiyva

Shops:
D:6 [   D:8 ?   Orc:2 *?(:[*   Elf:1 *   Snake:2 =

Annotations:
Swamp:4 exclusion: the Lernaean hydra, Donald, Lernaean hydra
Snake:4 Bai Suzhen


Innate Abilities, Weirdness & Mutations

You have very sharp teeth.
Your uncanny sense of smell can sniff out nearby items.
Your experience applies equally to all skills.


Message History

You feel drained.
The +1 dire flail of draining barely misses you.
Unknown command.
Aiming: Corrosive Bolt
Press: ? - help, Shift-Dir - straight line The bolt of acid hits the +1 dire flail of draining!
The +1 dire flail of draining falls from the air.
The bolt of acid hits the rakshasa!!
The acid corrodes the rakshasa!
The rakshasa is moderately wounded.
The bolt of acid hits the rakshasa!!!
The rakshasa seems to be corroded for longer.
You kill the rakshasa!
The rakshasa shimmers and vanishes!
The +2 vorpal battleaxe hits you!
* * * LOW HITPOINT WARNING * * *
x2 The rakshasa hits you but does no damage.
Your Short Blades skill increases to level 13!
Your Long Blades skill increases to level 13!
Your Axes skill increases to level 13!
Your Maces & Flails skill increases to level 13!
Your Ranged Weapons skill increases to level 13!
Your Throwing skill increases to level 13!
Your Armour skill increases to level 13!
Your Shields skill increases to level 13!
Your Unarmed Combat skill increases to level 13!
Your Spellcasting skill increases to level 13!
Your Evocations skill increases to level 13!
Unknown command.
You chop the +2 vorpal battleaxe into pieces!!!
The +2 vorpal battleaxe falls from the air.
The rakshasa hits you with a +0 whip.
* * * LOW HITPOINT WARNING * * *
You barely miss the rakshasa.
The rakshasa is moderately wounded.
Your +9 lajatang "Qusalix" {spect, *Slow rElec rPois rCorr} hits the rakshasa!
The rakshasa gestures at you. The lance of force hits you!
* * * LOW HITPOINT WARNING * * *
You are knocked back by the lance of force.
You slam into the translucent rock wall!
You die...

##...## ⌠.
##...###.....##
##.).###.....###.
###..###.....###.
###).#.........#
#...(R.##+##...
#')#####...###
##).###.....###.
##.(@..........
##R..#...#...#
######∩.∩# #
##### #####


You could see a rakshasa (corroded) and a friendly +9 lajatang "Qusalix" {spect,
*Slow rElec rPois rCorr} (summoned, wandering).

Vanquished Creatures
  The ghost of lunkers the Warrior, an adept MeVM of Ashenzari (Snake:3)
  Kirke (D:14)
  Agnes (D:15)
  The ghost of Holoquod the Severer, an adept MiMo of Ashenzari (Snake:3)
  6 nagarajas
  Aizul (Snake:1)
  Louise (Swamp:3)
  5 eleionomae
  A stone giant (D:14)
  The ghost of Novit the Stormcaller, a journeyman OpAE of Gozag (Lair:5)
  A red draconian (Volcano)
  3 dire elephants (Lair:6)
  6 bunyips
  The ghost of equiv the Carver, a journeyman DgWr (Orc:2)
  Snorg (D:14)
  2 deep elf death magi (Elf:1)
  3 ettins
  Josephine (D:12)
  3 boulder beetles
  3 rakshasas (WizLab)
  6 ogre magi
  5 salamander tyrants
  A ghost crab (Swamp:4)
  A catoblepas (Lair:6)
  10 two-headed ogres
  11 anacondas
  19 hydras
  13 naga warriors
  7 alligators
  A death yak (Lair:6)
  3 centaur warriors (D:14)
  A spectral dire elephant (Lair:6)
  7 dancing weapons
  3 tengu warriors
  14 naga sharpshooters
  2 spriggan berserkers (Swamp:3)
  7 shock serpents
  A deep elf knight (Elf:1)
  An orc high priest (D:14)
  Urug (Lair:1)
  4 goliath frogs
  A spectral anaconda (Lair:6)
  An orb spider (shapeshifter) (D:14)
  4 salamander mystics
  12 sea snakes
  An obsidian statue (Lair:6)
  4 bog bodies
  7 swamp dragons
  3 deep trolls
  7 naga ritualists
  2 deep elf archers (Elf:1)
  A wizard (D:14)
  A phantasmal warrior (D:13)
  4 orc knights
  4 deep elf pyromancers
  4 deep elf zephyrmancers (Elf:1)
  An ugly thing (D:12)
  A wolf spider (D:14)
  6 necromancers
  7 cyclopes
  4 manticores
  4 mana vipers
  17 salamanders
  2 will-o-the-wisps
  13 orc sorcerers
  7 elephants (Lair:6)
  2 moths of wrath (Lair:5)
  Joseph (Lair:1)
  A torpor snail (Lair:5)
  23 naga magi
  42 black mambas
  5 gargoyles
  8 guardian serpents
  14 cane toads
  2 unseen horrors
  An efreet (D:14)
  A dire elephant skeleton (Lair:6)
  5 kobold demonologists
  3 rime drakes
  5 yaktaurs
  A tengu conjurer (D:12)
  A yaktaur (shapeshifter) (D:15)
  5 bloated husks
  9 komodo dragons
  2 polar bears
  9 hornets
  5 trolls
  A hornet (shapeshifter) (D:11)
  8 tyrant leeches
  6 slime creatures (D:14)
  31 blink frogs
  Prince Ribbit (D:6)
  A spectral elephant (Lair:6)
  A centaur simulacrum (D:15)
  10 spriggans
  A vampire (D:11)
  3 wyverns
  5 wraiths
  Eustachio (D:5)
  A basilisk (Lair:1)
  2 humans (D:14)
  2 dire elephant simulacra (Lair:6)
  5 fire bats (Volcano)
  47 yaks
  2 vampire mosquitoes (Swamp:2)
  A hog (D:14)
  A death yak simulacrum (Lair:6)
  A steam dragon (D:7)
  3 wargs
  48 nagas
  13 swamp worms
  Menkaure (D:6)
  2 hell hounds (Lair:2)
  24 water moccasins
  6 swamp drakes (Swamp:4)
  13 orc warriors
  4 ice beasts (D:7)
  2 black bears
  An elephant zombie (Lair:6)
  14 ogres
  2 wolves (D:8)
  An elephant skeleton (Lair:6)
  11 centaurs
  2 phantoms
  3 kobold brigands
  A necrophage (D:6)
  A gnoll sergeant (D:9)
  7 bullfrogs
  2 scorpions
  4 cane toad simulacra (Lair:6)
  10 wights
  8 killer bees
  12 electric eels
  4 howler monkeys
  7 lava snakes (Volcano)
  6 hounds
  2 jellies
  2 gnoll shamans
  17 orc priests
  Jessica (D:3)
  4 iguanas
  35 orc wizards
  10 gnolls
  5 adders
  A shadow imp (D:5)
  An ufetubus (D:4)
  7 dart slugs
  72 orcs
  6 endoplasms
  3 giant cockroaches
  4 hobgoblins
  5 jackals
  5 quokkas
  9 ball pythons
  4 bats
  4 frilled lizards
  10 goblins
  14 kobolds
  5 rats
  A bush (Lair:1)
  2 foxfires (Swamp:3)
  34 fungi
  65 plants
  23 withered plants (Lair:6)
1118 creatures vanquished.

Notes
Turn   | Place    | Note
-------+----------+-------------------------------------------
     0 | D:1      | jfcaron the Gnoll Monk began the quest for the Orb.
     0 | D:1      | Reached XP level 1. HP: 23/23 MP: 1/1
    98 | D:1      | Reached XP level 2. HP: 24/29 MP: 2/2
   410 | D:1      | Reached XP level 3. HP: 35/35 MP: 3/3
   784 | D:2      | Reached skill level 1 in Invocations
  1004 | D:2      | Reached skill level 1 in Short Blades
  1004 | D:2      | Reached skill level 1 in Long Blades
  1004 | D:2      | Reached skill level 1 in Axes
  1004 | D:2      | Reached skill level 1 in Maces & Flails
  1004 | D:2      | Reached skill level 1 in Staves
  1004 | D:2      | Reached skill level 1 in Slings
  1004 | D:2      | Reached skill level 1 in Ranged Weapons
  1004 | D:2      | Reached skill level 1 in Crossbows
  1004 | D:2      | Reached skill level 1 in Throwing
  1004 | D:2      | Reached skill level 1 in Armour
  1004 | D:2      | Reached skill level 1 in Shields
  1004 | D:2      | Reached skill level 1 in Unarmed Combat
  1004 | D:2      | Reached skill level 1 in Spellcasting
  1004 | D:2      | Reached skill level 1 in Evocations
  1554 | D:2      | Reached XP level 4. HP: 41/41 MP: 5/5
  1693 | D:3      | Identified the +3 leather armour of Indemnity {Str+6}
  2257 | D:3      | Reached skill level 1 in Conjurations
  2257 | D:3      | Reached skill level 1 in Hexes
  2257 | D:3      | Reached skill level 1 in Summonings
  2257 | D:3      | Reached skill level 1 in Necromancy
  2257 | D:3      | Reached skill level 1 in Translocations
  2257 | D:3      | Reached skill level 1 in Transmutations
  2257 | D:3      | Reached skill level 1 in Fire Magic
  2257 | D:3      | Reached skill level 1 in Ice Magic
  2257 | D:3      | Reached skill level 1 in Air Magic
  2257 | D:3      | Reached skill level 1 in Earth Magic
  2257 | D:3      | Reached skill level 1 in Poison Magic
  2430 | D:3      | Noticed Jessica
  2447 | D:3      | Killed Jessica
  2448 | D:3      | Reached XP level 5. HP: 47/47 MP: 6/6
  3129 | D:4      | Reached XP level 6. HP: 53/53 MP: 8/8
  3608 | D:3      | Reached XP level 7. HP: 35/59 MP: 10/10
  3781 | D:4      | Found a staircase to the Ecumenical Temple.
  3789 | Temple   | Entered the Ecumenical Temple
  4088 | Temple   | Became a worshipper of Zin the Law-Giver
  4088 | Temple   | Reached * piety under Zin
  4088 | Temple   | Reached ** piety under Zin
  4227 | D:4      | Donated 57 gold pieces to Zin
  4234 | D:4      | Donated 28 gold pieces to Zin
  4420 | D:5      | Entered Level 5 of the Dungeon
  4444 | D:5      | Noticed Eustachio
  4530 | D:5      | HP: 10/60 [Eustachio/+0 rapier (6)]
  4536 | D:5      | HP: 7/60 [Eustachio/+0 rapier (3)]
  4540 | D:5      | Killed Eustachio
  4541 | D:5      | Reached skill level 5 in Stealth
  5010 | D:5      | Reached *** piety under Zin
  5281 | D:6      | HP: 2/60 [ogre/+0 giant spiked club (33)]
  5286 | D:6      | Reached XP level 8. HP: 3/67 MP: 12/12
  5289 | D:6      | Noticed Prince Ribbit
  5601 | D:6      | Killed Prince Ribbit
  5786 | D:6      | Found Qaf Fuw's Antique Armour Boutique.
  5835 | D:6      | Found a blossoming altar of Fedhas.
  5889 | D:6      | Learned a level 1 spell: Apportation
  5892 | D:6      | Learned a level 2 spell: Passwall
  6085 | D:6      | Noticed Menkaure
  6094 | D:6      | Killed Menkaure
  7125 | D:6      | Reached XP level 9. HP: 63/72 MP: 14/14
  7524 | D:7      | HP: 13/73 [gnoll/+0 whip (4)]
  8280 | D:7      | Found a stormy altar of Qazlal.
  8514 | D:7      | Found a basalt altar of Yredelemnul.
  9140 | D:7      | Found a radiant altar of Vehumet.
  9219 | D:7      | Identified the quicksilver dragon scales of Context {Will+
                  | Str+6 Stlth+}
  9292 | D:7      | Reached skill level 5 in Invocations
  9497 | D:8      | Found a shadowy altar of Dithmenos.
  9590 | D:8      | Found Meficits's Magic Scroll Boutique.
  9593 | D:8      | Bought a scroll of blinking for 82 gold pieces
  9593 | D:8      | Bought a scroll of fear for 38 gold pieces
  9638 | D:8      | Noticed a troll
  9684 | D:8      | HP: 12/74 [troll (7)]
  9690 | D:8      | HP: 13/74 [troll (7)]
  9692 | D:8      | Killed a troll
  9693 | D:8      | Reached XP level 10. HP: 9/80 MP: 17/17
  9996 | D:8      | Found an opulent altar of Gozag.
  9998 | D:8      | Found a broken altar of Ashenzari.
 10054 | D:8      | Found a staircase to the Lair.
 10159 | D:8      | Got the Handbook of Feathery Clay
 10188 | D:8      | Identified the +5 chain mail "Vipneg" {rPois}
 10282 | D:8      | Reached skill level 5 in Short Blades
 10282 | D:8      | Reached skill level 5 in Long Blades
 10282 | D:8      | Reached skill level 5 in Axes
 10282 | D:8      | Reached skill level 5 in Maces & Flails
 10282 | D:8      | Reached skill level 5 in Staves
 10282 | D:8      | Reached skill level 5 in Slings
 10282 | D:8      | Reached skill level 5 in Ranged Weapons
 10282 | D:8      | Reached skill level 5 in Crossbows
 10282 | D:8      | Reached skill level 5 in Throwing
 10282 | D:8      | Reached skill level 5 in Armour
 10282 | D:8      | Reached skill level 5 in Shields
 10282 | D:8      | Reached skill level 5 in Unarmed Combat
 10282 | D:8      | Reached skill level 5 in Spellcasting
 10282 | D:8      | Reached skill level 5 in Evocations
 10775 | D:9      | Noticed a two-headed ogre
 10783 | D:9      | Killed a two-headed ogre
 10876 | D:9      | Reached **** piety under Zin
 10985 | D:9      | Noticed a kobold demonologist
 10990 | D:9      | Noticed a kobold demonologist
 10996 | D:9      | Killed a kobold demonologist
 10998 | D:9      | Noticed a kobold demonologist
 10999 | D:9      | Killed a kobold demonologist
 11001 | D:9      | Noticed a soul eater
 11006 | D:9      | Killed a kobold demonologist
 11134 | D:9      | Found a hazy altar of Hepliaklqana.
 11508 | D:10     | Entered Level 10 of the Dungeon
 11514 | D:10     | Reached XP level 11. HP: 86/87 MP: 19/19
 11958 | D:10     | Found a staircase to the Orcish Mines.
 12044 | D:10     | Reached skill level 5 in Conjurations
 12044 | D:10     | Reached skill level 5 in Hexes
 12044 | D:10     | Reached skill level 5 in Summonings
 12044 | D:10     | Reached skill level 5 in Necromancy
 12044 | D:10     | Reached skill level 5 in Translocations
 12044 | D:10     | Reached skill level 5 in Transmutations
 12044 | D:10     | Reached skill level 5 in Fire Magic
 12044 | D:10     | Reached skill level 5 in Ice Magic
 12044 | D:10     | Reached skill level 5 in Air Magic
 12044 | D:10     | Reached skill level 5 in Earth Magic
 12044 | D:10     | Reached skill level 5 in Poison Magic
 12939 | D:11     | Noticed a sixfirhy
 13384 | D:11     | Learned a level 3 spell: Ignite Poison
 13388 | D:11     | Learned a level 3 spell: Ozocubu's Armour
 14914 | Lair:1   | Entered Level 1 of the Lair of Beasts
 15608 | Lair:1   | Reached XP level 12. HP: 62/96 MP: 22/22
 15852 | Lair:1   | Noticed Joseph
 15874 | Lair:1   | Killed Joseph
 16332 | Lair:1   | Noticed Urug
 16339 | Lair:1   | Killed Urug
 16450 | D:6      | Bought a pair of runed boots for 232 gold pieces
 16608 | Lair:2   | Found a dark tunnel.
 16710 | Volcano  | Entered a volcano
 17231 | Volcano  | Noticed a two-headed ogre
 17231 | Volcano  | Noticed a two-headed ogre
 17238 | Volcano  | Noticed an ogre mage
 17239 | Volcano  | Killed a two-headed ogre
 17239 | Volcano  | Noticed a two-headed ogre
 17240 | Volcano  | Killed a two-headed ogre
 17244 | Volcano  | Killed an ogre mage
 17244 | Volcano  | Noticed a red draconian
 17249 | Volcano  | Killed a red draconian
 17250 | Volcano  | Reached skill level 10 in Fighting
 17250 | Volcano  | Reached skill level 10 in Polearms
 17250 | Volcano  | Reached skill level 10 in Dodging
 17251 | Volcano  | Killed a two-headed ogre
 17252 | Volcano  | Noticed a two-headed ogre
 17256 | Volcano  | Killed a two-headed ogre
 17256 | Volcano  | Noticed a two-headed ogre
 17262 | Volcano  | Killed a two-headed ogre
 17278 | Volcano  | Found a radiant altar of Vehumet.
 17301 | Volcano  | Found a bloodstained altar of Trog.
 17333 | Volcano  | Identified the +2 chain mail "Wiazay" {Int+6}
 17521 | Lair:1   | Reached ***** piety under Zin
 18799 | Lair:2   | Reached XP level 13. HP: 96/103 MP: 24/24
 20142 | Lair:2   | Found a staircase to the Swamp.
 20809 | Lair:2   | HP: 17/104 [swamp worm (5)]
 22749 | D:6      | Bought a pair of glowing gloves for 232 gold pieces
 23848 | Lair:4   | Found a staircase to the Snake Pit.
 24713 | Lair:5   | Got the Collected Works on Spatial Conjuration
 24713 | Lair:5   | Noticed Novit's ghost (journeyman OpAE)
 24754 | Lair:5   | Found a transporter.
 24779 | Lair:5   | Found a transporter.
 25208 | Lair:5   | Found a staircase to the Slime Pits.
 25209 | Lair:5   | Found a viscous altar of Jiyva.
 25991 | Lair:5   | Identified the +4 chain mail "Suunooni" {rC+ Str+7 Dex+2}
 26277 | Lair:6   | Entered Level 6 of the Lair of Beasts
 26813 | Lair:5   | Reached XP level 14. HP: 77/113 MP: 25/26
 28013 | Lair:6   | Reached skill level 10 in Stealth
 28674 | Lair:6   | Noticed a dire elephant
 28703 | Lair:6   | Noticed a dire elephant
 28913 | Lair:6   | Reached ****** piety under Zin
 28976 | Lair:6   | Reached skill level 10 in Invocations
 29127 | Lair:6   | Noticed a dire elephant
 29168 | Lair:6   | HP: 16/110 [dire elephant (12)]
 29170 | Lair:6   | HP: 3/110 [dire elephant (13)]
 29173 | Lair:6   | Killed a dire elephant
 29233 | Lair:6   | HP: 17/113 [cane toad (7)]
 30470 | Lair:6   | Identified a scroll of acquirement
 30470 | Lair:6   | Acquired 768 gold pieces
 30666 | D:6      | Bought a kite shield for 139 gold pieces
 31291 | Lair:6   | Identified the +5 quarterstaff "Muppul" {flame, rPois rC+}
 31568 | Lair:6   | Killed a dire elephant
 31584 | Lair:6   | Killed a dire elephant
 32072 | D:8      | Bought a scroll of identify for 22 gold pieces
 32180 | Orc:1    | Entered Level 1 of the Orcish Mines
 32869 | Orc:2    | Entered Level 2 of the Orcish Mines
 33448 | Orc:2    | Found a large runed translucent door.
 33448 | Orc:2    | Found a large runed translucent door.
 33465 | Orc:2    | Noticed equiv's ghost (journeyman DgWr)
 33677 | Orc:2    | Found Muci's Mass Market.
 33681 | Orc:2    | Reached XP level 15. HP: 120/120 MP: 28/28
 33744 | Orc:2    | Found Likkioj's General Store.
 33745 | Orc:2    | Found a staircase to the Elven Halls.
 33772 | Orc:2    | Bought a potion of heal wounds for 60 gold pieces
 33772 | Orc:2    | Bought a scroll of blinking for 90 gold pieces
 33772 | Orc:2    | Bought a potion of heal wounds for 60 gold pieces
 33772 | Orc:2    | Bought a throwing net for 36 gold pieces
 33845 | Orc:2    | Found Otu Pym's Magic Scroll Emporium.
 33909 | Orc:2    | Found Sorudats's Antique Armour Shoppe.
 33964 | Orc:2    | Found an ancient bone altar of Kikubaaqudgha.
 33996 | Orc:2    | Found Onle's Antique Weapon Shoppe.
 34043 | Orc:2    | Found a radiant altar of Vehumet.
 34094 | Orc:2    | Found Mileab's Book Emporium.
 34533 | Orc:2    | Bought a twisted chain mail for 237 gold pieces
 34533 | Orc:2    | Identified the +6 chain mail of the Bursted God {rElec
                  | SInv} (You bought it in a shop on level 2 of the Orcish
                  | Mines)
 34542 | Orc:2    | Bought an embroidered cloak for 187 gold pieces
 34577 | Orc:2    | Bought a buzzing war axe for 221 gold pieces
 34577 | Orc:2    | Identified the +7 war axe "Metax" {venom, *Noise MP+9
                  | Str+6} (You bought it in a shop on level 2 of the Orcish
                  | Mines)
 34859 | Lair:5   | HP: 23/120 [poisoned by a black mamba]
 34864 | Lair:5   | HP: 18/120 [poisoned by a black mamba]
 35898 | Lair:5   | Killed Novit's ghost
 35899 | Lair:5   | Reached skill level 10 in Short Blades
 35899 | Lair:5   | Reached skill level 10 in Long Blades
 35899 | Lair:5   | Reached skill level 10 in Axes
 35899 | Lair:5   | Reached skill level 10 in Maces & Flails
 35899 | Lair:5   | Reached skill level 10 in Staves
 35899 | Lair:5   | Reached skill level 10 in Slings
 35899 | Lair:5   | Reached skill level 10 in Ranged Weapons
 35899 | Lair:5   | Reached skill level 10 in Crossbows
 35899 | Lair:5   | Reached skill level 10 in Throwing
 35899 | Lair:5   | Reached skill level 10 in Armour
 35899 | Lair:5   | Reached skill level 10 in Shields
 35899 | Lair:5   | Reached skill level 10 in Unarmed Combat
 35899 | Lair:5   | Reached skill level 10 in Spellcasting
 35899 | Lair:5   | Reached skill level 10 in Evocations
 35911 | Lair:5   | Identified the amulet of Untruth {-Cast Will+ Regen+ rCorr
                  | Str+2}
 36211 | Orc:2    | Killed equiv's ghost
 36282 | Orc:2    | Identified the +7 hand axe of Suplihij {vorpal, Will+ SInv}
 36534 | Lair:6   | Got Kikubaaqudgh's Collected Works on Necromancy
 36646 | Snake:1  | Entered Level 1 of the Snake Pit
 39157 | Snake:2  | Noticed Aizul
 39556 | Snake:1  | HP: 10/121 [Aizul/poison arrow (16)]
 39561 | Snake:1  | HP: 14/121 [poisoned by Aizul (poison arrow)]
 39564 | Snake:1  | Killed Aizul
 40188 | Snake:1  | HP: 20/121 [salamander/+0 glaive (6)]
 41715 | Snake:2  | Reached XP level 16. HP: 89/128 MP: 29/30
 42013 | Snake:2  | HP: 21/128 [shock serpent/bolt of electricity (14)]
 42013 | Snake:2  | HP: 1/128 [shock serpent/bolt of electricity (20)]
 43357 | Snake:2  | HP: 10/129 [shock serpent/bolt of electricity (21)]
 43360 | Snake:2  | HP: 2/129 [shock serpent/electric aura (6)]
 44056 | Snake:1  | HP: 22/129 [black mamba[a naga ritualist] (4)]
 44061 | Snake:1  | HP: 19/129 [poisoned by a black mamba]
 44556 | Lair:4   | Learned a level 4 spell: Summon Lightning Spire
 46517 | D:12     | Noticed Josephine
 46527 | D:12     | Killed Josephine
 47548 | D:13     | Found a gate to the Vaults.
 47767 | D:14     | Reached skill level 15 in Slings
 47767 | D:14     | Reached skill level 15 in Crossbows
 47767 | D:14     | Upgraded the game from 0.29-a0-700-g2f1814c7b2 to
                  | 0.29-a0-721-g7f417c9bbb
 47777 | D:14     | Noticed Snorg
 47800 | D:14     | Killed Snorg
 47812 | D:14     | Found a transporter.
 47826 | D:14     | Found a transporter.
 48071 | D:14     | Noticed Kirke
 48090 | D:14     | Killed Kirke
 48651 | D:15     | Entered Level 15 of the Dungeon
 49092 | D:15     | Noticed Agnes
 49108 | D:15     | Killed Agnes
 49131 | D:15     | Acquired the +9 lajatang "Qusalix" {spect, *Slow rElec
                  | rPois rCorr}
 49388 | Orc:2    | Bought a manual of Staves for 1200 gold pieces
 49847 | D:15     | Found a staircase to the Depths.
 49943 | D:15     | Found a portal to a secret trove of treasure.
 49997 | D:14     | Reached XP level 17. HP: 51/136 MP: 32/32
 50079 | D:14     | Identified the +1 pair of boots of Jaetass {Harm Rampage
                  | Dex+4}
 50268 | Trove    | Entered a treasure trove
 50289 | Trove    | Identified the +1 cloak "Leunlumaf" {rPois}
 50301 | Trove    | Identified the ring "Qumareonef" {Fire Will+ Int+4 Slay+3
                  | Stlth+}
 50305 | Trove    | Identified the amulet of Hutyst {RegenMP rPois rC+ Slay-6}
 50307 | Trove    | Identified the +5 quick blade "Ifumeunk" {venom, rC+++
                  | Str+3 Dex-4}
 50309 | Trove    | Identified the ring of a Hundred Visions {Contam +Blink
                  | rPois rC++ Str+2}
 50314 | Trove    | Identified the +1 plate armour of Ixza Ups {-Tele Dex+3
                  | Stlth+}
 51383 | Snake:2  | Found Adir's Jewellery Emporium.
 52075 | Snake:3  | Identified the +10 hand axe of the Magi {flame, rCorr}
 52638 | Snake:3  | Reached skill level 10 in Conjurations
 52638 | Snake:3  | Reached skill level 10 in Hexes
 52638 | Snake:3  | Reached skill level 10 in Summonings
 52638 | Snake:3  | Reached skill level 10 in Necromancy
 52638 | Snake:3  | Reached skill level 10 in Translocations
 52638 | Snake:3  | Reached skill level 10 in Transmutations
 52638 | Snake:3  | Reached skill level 10 in Fire Magic
 52638 | Snake:3  | Reached skill level 10 in Ice Magic
 52638 | Snake:3  | Reached skill level 10 in Air Magic
 52638 | Snake:3  | Reached skill level 10 in Earth Magic
 52638 | Snake:3  | Reached skill level 10 in Poison Magic
 53203 | Snake:3  | Found a runed translucent gate.
 53206 | Snake:3  | Found a runed translucent gate.
 53207 | Snake:3  | Found a runed translucent gate.
 53208 | Snake:3  | Noticed lunkers's ghost (adept MeVM)
 53208 | Snake:3  | Noticed Holoquod's ghost (adept MiMo)
 53519 | Snake:4  | Entered Level 4 of the Snake Pit
 54308 | Snake:4  | Reached XP level 18. HP: 137/145 MP: 34/34
 55158 | Snake:4  | Noticed Bai Suzhen
 55305 | Snake:3  | Killed lunkers's ghost
 55388 | Snake:3  | Killed Holoquod's ghost
 55554 | Swamp:1  | Entered Level 1 of the Swamp
 56952 | Swamp:2  | You are sucked into a shaft and drop 1 floor!
 57016 | Swamp:3  | Identified the +4 ring mail of Qom Vyc {Int+6}
 57352 | Swamp:3  | Identified the +0 tower shield of Usau {Rampage Dex+7}
 57352 | Swamp:3  | Noticed Louise
 57367 | Swamp:3  | Killed Louise
 57814 | Swamp:4  | Entered Level 4 of the Swamp
 57879 | Swamp:4  | Noticed Donald
 57883 | Swamp:4  | HP: 26/146 [cloud of flame (5)]
 58169 | Swamp:4  | Noticed the 27-headed Lernaean hydra
 58382 | Elf:1    | Entered Level 1 of the Elven Halls
 58429 | Elf:1    | Reached XP level 19. HP: 66/153 MP: 35/35
 58465 | Elf:1    | Found Seufaed's Superlative Supplies.
 58472 | Elf:1    | Found a magical portal.
 58483 | WizLab   | Entered Tukima's Studio
 58498 | WizLab   | HP: 30/153 [+5 vorpal hand axe (5)]
 58499 | WizLab   | HP: 14/153 [poisoned by a +1 glaive of venom]
 58506 | WizLab   | HP: 27/153 [+1 glaive of venom (7)]
 58507 | WizLab   | HP: 7/153 [+1 glaive of venom (16)]
 58512 | WizLab   | HP: 16/153 [poisoned by a +1 glaive of venom]
 58521 | WizLab   | HP: 22/147 [+1 dire flail of draining (11)]
 58524 | WizLab   | HP: 1/147 [rakshasa/lance of force (17)]
 58524 | WizLab   | Collided with a translucent rock wall

Illustrated notes

Levels and vault maps discovered:
D:1:      dpeg_arrival_pits, layout_loops_ring
D:2:      layout_rooms, serial_co_window_serial, co_window_corner_a,
          co_window_paths_a, co_window_corner_a, co_window_paths_b,
          co_window_corner_a, co_window_broadway_b, co_window_broadway_b,
          co_window_corner_b, co_window_corner_b, co_window_broadway_c,
          co_window_corner_ca, glass_columns_c, glass_columns_a,
          glass_columns_a, glass_columns_b
D:3:      layout_rooms, uniq_jessica
D:4:      layout_basic, minmay_temple_entry_arrows, hangedman_feature_mirror,
          corexii_item_surrounded_by_moat
D:5:      layout_loops_ring, uniq_eustachio
D:6:      layout_loops_ring, fedhas_ov_isle_minmay, serial_shops,
          kennysheep_little_box, uniq_prince_ribbit1, uniq_menkaure
D:7:      layout_gridville, vehumet_altar_wand_db, nicolae_benzene_ring,
          hangedman_feature_mirror
D:8:      layout_gridville, minitemple, erik_lair_island, serial_glass,
          glass_columns_a, glass_columns_b, serial_shops, shop
D:9:      layout_rooms, mainiacjoe_overflow_small_starburst
D:10:     cheibrodos_statue_roulette, layout_stronghold, orc_0_dummy,
          st_stairs_8, minmay_misc_feat_five
D:11:     layout_cave_pods
D:12:     layout_basic, grunt_ministairs_10, uniq_josephine
D:13:     layout_basic, david_vaults_4
D:14:     gammafunk_beogh_shrine, layout_loops_ring, roderic_lattice_a,
          uniq_snorg, uniq_kirke
D:15:     hangedman_depths_entry_civil_slaughter, layout_loops_ring,
          hangedman_decor_points, enter_trove_1, uniq_agnes
Temple:   minmay_temple_bridge_d
Lair:1:   wad_woods_04, layout_regular_city, grunt_megastairs_3, uniq_urug,
          uniq_joseph
Lair:2:   layout_layer_cave, minmay_swamp_entry_worms, enter_volcano_3
Lair:3:   layout_gridlike, nzn_sisyphean_effort
Lair:4:   layout_regular_city, minmay_snake_entry_six_corridors,
          lemuel_old_faithful
Lair:5:   layout_regular_city, slime_entry_1, gammafunk_ghost_berserking_beasts,
          dreamdust_gnoll_shepherd
Lair:6:   due_jungle_book, layout_cave_pods
Swamp:1:  layout_falls_marsh, nicolae_swamp_feature_on_the_river_bank,
          swamp_pool2, infiniplex_staircase_pool_2
Swamp:2:  layout_falls_marsh, evilmike_swamp_ruin_house_4
Swamp:3:  layout_basic_swamp, evilmike_swamp_ruin_house_6, uniq_louise
Swamp:4:  swamp, layout_basic_swamp, swamp_pool5, uniq_donald
Snake:1:  hangedman_cross_veins, layout_basic, serial_bayou_lagoon_b
Snake:2:  kennysheep_snake, layout_onion_interference,
          minmay_shop_enchanted_jewellery, uniq_aizul
Snake:3:  layout_basic, gammafunk_ghost_cemetery, st_stairs_12
Snake:4:  minmay_snake_end_coiled, layout_basic, uniq_vashnia, uniq_bai_suzhen
Orc:1:    layout_caves
Orc:2:    kennysheep_orc_mage_school, layout_diamond_mine, serial_shops,
          shop_statue, ebering_ghost_disaster_area, minmay_shop_mass,
          lightli_orcish_oven
Elf:1:    minmay_elf_arrival_plus, layout_loops_cross, mu_enter_wizlab_4,
          minmay_elf_necromancy, nicolae_alphabet_shops, grunt_ministairs_12,
          uniq_azrael
WizLab:   wizlab_tukima

Skill      XL: |  1  2  3  4  5  6  7  8  9 10 11 12 13 14 15 16 17 18 19 |
---------------+----------------------------------------------------------+-----
Invocations    | 1 2 3 4 5 6 7 8 9 10 11 12 13 14 | 14.1
Short Blades   | 1 2 3 4 5 6 7 8 9 10 11 12 13 | 13.0
Long Blades    | 1 2 3 4 5 6 7 8 9 10 11 12 13 | 13.0
Axes           | 1 2 3 4 5 6 7 8 9 10 11 12 13 | 13.0
Maces & Flails | 1 2 3 4 5 6 7 8 9 10 11 12 13 | 13.0
Staves         | 1 2 3 4 5 6 7 8 9 10 11 12 14 | 14.4
Slings         | 1 2 3 4 5 6 7 8 9 10 15 |  0.0
Ranged Weapons | 1 2 3 4 5 6 7 8 9 10 11 12 13 | 13.0
Crossbows      | 1 2 3 4 5 6 7 8 9 10 15 |  0.0
Throwing       | 1 2 3 4 5 6 7 8 9 10 11 12 13 | 13.0
Armour         | 1 2 3 4 5 6 7 8 9 10 11 12 13 | 13.0
Shields        | 1 2 3 4 5 6 7 8 9 10 11 12 13 | 13.0
Unarmed Combat | 1 2 3 4 5 6 7 8 9 10 11 12 13 | 13.0
Spellcasting   | 1 2 3 4 5 6 7 8 9 10 11 12 13 | 13.0
Evocations     | 1 2 3 4 5 6 7 8 9 10 11 12 13 | 13.0
Conjurations   | 1 2 3 4 5 6 7 8 9 10 11 | 11.0
Hexes          | 1 2 3 4 5 6 7 8 9 10 11 | 11.0
Summonings     | 1 2 3 4 5 6 7 8 9 10 11 | 11.0
Necromancy     | 1 2 3 4 5 6 7 8 9 10 11 | 11.0
Translocations | 1 2 3 4 5 6 7 8 9 10 11 | 11.0
Transmutations | 1 2 3 4 5 6 7 8 9 10 11 | 11.0
Fire Magic     | 1 2 3 4 5 6 7 8 9 10 11 | 11.0
Ice Magic      | 1 2 3 4 5 6 7 8 9 10 11 | 11.0
Air Magic      | 1 2 3 4 5 6 7 8 9 10 11 | 11.0
Earth Magic    | 1 2 3 4 5 6 7 8 9 10 11 | 11.0
Poison Magic   | 1 2 3 4 5 6 7 8 9 10 11 | 11.0
Fighting       | 7 8 9 10 11 12 13 14 | 14.4
Polearms       | 7 8 9 10 11 12 13 14 | 14.4
Dodging        | 7 8 9 10 11 12 13 14 | 14.4
Stealth        | 5 6 7 8 9 10 11 12 13 | 13.6

Action                   |  1- 3 |  4- 6 |  7- 9 | 10-12 | 13-15 | 16-18 | 19-21 || total
-------------------------+-------+-------+-------+-------+-------+-------+-------++-------
Melee: Spear             |   130 |    58 |       |       |       |       |       ||   188
       Bite              |     6 |    11 |    38 |   116 |   295 |   171 |     2 ||   639
       Trident           |       |    93 |   341 |   793 |  1173 |    49 |       ||  2449
       Punch             |       |     3 |    12 |    30 |       |       |       ||    45
       Dagger            |       |     2 |     1 |    28 |    68 |    49 |       ||   148
       Staff             |       |       |       |    75 |    19 |     8 |       ||   102
       Quarterstaff      |       |       |       |       |   232 |   210 |       ||   442
       Hand axe          |       |       |       |       |   308 |   110 |       ||   418
       War axe           |       |       |       |       |    56 |    71 |       ||   127
       Lajatang          |       |       |       |       |       |   561 |    12 ||   573
Throw: Stone             |    24 |     6 |    21 |    24 |    58 |    78 |       ||   211
       Dart              |       |     3 |    18 |    23 |   345 |   202 |       ||   591
       Boomerang         |       |       |    58 |   163 |    67 |    77 |       ||   365
       Javelin           |       |       |     6 |     6 |    25 |    23 |       ||    60
       Throwing net      |       |       |       |       |       |     1 |       ||     1
 Cast: Passwall          |       |       |     1 |       |       |       |       ||     1
       Ozocubu's Armour  |       |       |       |     1 |       |       |       ||     1
       Apportation       |       |       |       |     1 |       |       |       ||     1
       Ignite Poison     |       |       |       |       |     1 |     1 |       ||     2
Invok: Recite            |       |       |    16 |     7 |    11 |    34 |     1 ||    69
       Donate Gold       |       |       |     2 |       |       |       |       ||     2
       Vitalisation      |       |       |     2 |     1 |       |       |       ||     3
Evoke: Wand              |       |       |     3 |    21 |    34 |    34 |    11 ||   103
       Phial of floods   |       |       |       |       |       |     1 |       ||     1
  Use: Scroll            |       |     6 |     5 |    10 |    11 |    13 |     2 ||    47
       Potion            |       |     1 |     5 |     1 |     6 |     4 |     5 ||    22
 Stab: Sleeping          |    13 |     5 |     1 |     3 |     2 |    11 |       ||    35
       Distracted        |       |       |     1 |     1 |       |     8 |       ||    10
       Paralysed         |       |       |       |     5 |     3 |     7 |       ||    15
       Invisible         |       |       |       |     1 |       |     1 |       ||     2
       Petrified         |       |       |       |       |     4 |       |       ||     4
       Confused          |       |       |       |       |     9 |    22 |       ||    31
Armor: Robe              |    13 |       |       |       |       |       |       ||    13
       Leather armour    |       |    44 |    68 |       |       |       |       ||   112
       Quicksilver drago |       |       |    27 |   157 |    93 |   377 |    12 ||   666
       Chain mail        |       |       |       |   179 |   686 |    69 |       ||   934
Dodge: Dodged            |    39 |   115 |   262 |   424 |   774 |   733 |    16 ||  2363
       Repelled          |       |       |       |       |       |     2 |       ||     2
Block: Buckler           |       |       |       |    19 |   249 |       |       ||   268
       Kite shield       |       |       |       |       |   247 |   144 |       ||   391

Table legend: (Time is in decaauts)
 A = Elapsed time spent in this place.
 B = Non-inter-level travel time spent in this place.
 C = Inter-level travel time spent in this place.
 D = Time resting spent in this place.
 E = Time spent auto-exploring this place.
 F = Levels seen in this place.
 G = Mean time per level.
                   A        B        C        D        E       F      G
               +--------+--------+--------+--------+--------+-----+--------+
         Total |  57603 |  50939 |   6664 |  17012 |  23431 |  36 | 1600.1 |
       Dungeon |  21262 |  18314 |   2948 |   3652 |  11225 |  15 | 1417.5 |
        Temple |    370 |    224 |    146 |      0 |    214 |   1 |  370.0 |
          Lair |  17585 |  15388 |   2197 |   6125 |   6303 |   6 | 2930.8 |
         Swamp |   2586 |   2438 |    148 |    461 |   1412 |   4 |  646.5 |
     Snake Pit |  12141 |  11433 |    708 |   6187 |   2850 |   4 | 3035.2 |
  Orcish Mines |   2829 |   2314 |    515 |    454 |   1152 |   2 | 1414.5 |
   Elven Halls |     91 |     91 |      0 |      6 |      0 |   1 |   91.0 |
         Trove |     59 |     59 |      0 |      0 |      0 |   1 |   59.0 |
       Volcano |    628 |    628 |      0 |    125 |    275 |   1 |  628.0 |
        Wizlab |     48 |     48 |      0 |      0 |      0 |   1 |   48.0 |
               +--------+--------+--------+--------+--------+-----+--------+

Top non-repeatable levels by time:
  Lair:6: 4829 daAuts
 Snake:1: 4749 daAuts
 Snake:2: 4137 daAuts
  Lair:5: 3342 daAuts
  Lair:1: 3273 daAuts
  Lair:2: 2708 daAuts
     D:6: 2435 daAuts
    D:11: 2259 daAuts
     D:8: 1987 daAuts
  Lair:4: 1987 daAuts
   Orc:2: 1792 daAuts
     D:7: 1770 daAuts
    D:10: 1744 daAuts
 Snake:4: 1644 daAuts
 Snake:3: 1610 daAuts
